 Dungeon Crawl Stone Soup version 0.19.5 (webtiles) character file.

3 tidbits the Chiller (level 1, 0/12 HPs)
             Began as a High Elf Wanderer on Oct 28, 2017.
             Slain by a hobgoblin
             ... wielding a +0 club
              (6 damage)
             ... on level 1 of the Dungeon.
             The game lasted 00:01:07 (75 turns).

tidbits the Chiller (High Elf Wanderer)               Turns: 75, Time: 00:01:08

Health: 0/12       AC:  1    Str: 12    XL:     1   Next: 41%
Magic:  3/3        EV: 11    Int: 16    God:
Gold:   23         SH:  0    Dex: 12    Spells: 0 memorised, 2 levels left

rFire  . . .     SeeInvis .     e - +0 club
rCold  . . .     Gourm    .     g - -2 leather armour (curse)
rNeg   . . .     Faith    .     (no shield)
rPois  .         Spirit   .     (no helmet)
rElec  .         Reflect  .     (no cloak)
rCorr  .         Harm     .     (no gloves)
MR     .....                    (no boots)
Stlth  +.........               (no amulet)
                                (no ring)
                                (no ring)

@: no status effects
A: no striking features
a: no special abilities


You were on level 1 of the Dungeon.
You were not hungry.

You visited 1 branch of the dungeon, and saw 1 of its levels.

You collected 23 gold pieces.

Inventory:

Hand Weapons
 e - a +0 club (weapon)
Armour
 d - a +0 robe
 g - a cursed -2 leather armour (worn)
   (You found it on level 1 of the Dungeon)
 h - a +0 cloak
   (You found it on level 1 of the Dungeon)
Books
 a - a book of Minor Magic

   Spells                             Type                      Level
   a - Magic Dart                     Conjuration                  1
   b - Blink                          Translocation                2
   c - Call Imp                       Summoning                    2
   d - Repel Missiles                 Charms/Air                   2
   e - Slow                           Hexes                        2
   f - Conjure Flame                  Conjuration/Fire             3
   g - Mephitic Cloud                 Conjuration/Poison/Air       3
 b - the Almanac of Attacks

   Spells                             Type                      Level
   a - Magic Dart                     Conjuration                  1
   b - Static Discharge               Conjuration/Air              3
 c - the Incunabulum of Changing

   Spells                             Type                      Level
   a - Passwall                       Transmutation/Earth          2
   b - Sticks to Snakes               Transmutation                2
Comestibles
 f - a bread ration


   Skills:
 + Level 0.6 Fighting
 - Level 1.0 Throwing
 + Level 0.4 Dodging
 - Level 1.1 Stealth
 - Level 1.2 Spellcasting
   Level 2.4 Charms
   Level 1.1 Transmutations
   Level 3.0 Ice Magic
   Level 1.0 Earth Magic


You had 2 spell levels left.
You didn't know any spells.

Dungeon Overview and Level Annotations

Branches:
Dungeon (1/15)

Altars:


Message History

Welcome, tidbits the High Elf Wanderer.
It is said that the Orb of Zot exists deep within this dungeon.
Press ? for a list of commands and other information.
Found a staircase leading out of the dungeon.
Okay, then.
Okay, then.
You don't know any spells.
Okay, then.
You open the door.
There is an open door here.
As you open the door, it creaks loudly!
There is an open door here.
You open the door.
There is an open door here.
You open the door.
There is an open door here.
As you open the door, it creaks loudly!
There is an open door here.
As you open the door, it creaks loudly!
You hear a shout!
A hobgoblin comes into view.
There is an open door here.
There is an open door here.
There is an open door here.
You open the door. You closely miss the hobgoblin. The hobgoblin hits you.
You don't know any spells.
You aren't carrying any potions.
Unknown command.
You hit the hobgoblin.
You kill the hobgoblin!
There is an open door here.
You open the door.
There is an open door here.
A bat and a goblin come into view.
The goblin shouts!
Found a runed leather armour.
The bat hits you.
Found 13 gold pieces.
The bat hits you but does no damage. The bat hits you but does no damage.
There is an open door here.
The bat hits you but does no damage.
You hit the bat.
You kill the bat!
The goblin closely misses you.
You hit the goblin.
You kill the goblin!
There is an open door, spattered with blood here.
Things that are here:
a club; a goblin corpse; a bat corpse
Found a stone staircase leading down.
Found 10 gold pieces.
Found a cloak, a beef jerky and a spear.
You see here a runed leather armour.
g - a runed leather armour Wear which item? (? for menu, Esc to quit)
You start removing your armour.
You continue taking off your +0 robe. x4
You finish taking off your +0 robe.
You start putting on your armour.
You continue putting on your runed leather armour. x5
You finish putting on your cursed -2 leather armour.
Oops, that feels deathly cold.
You now have 10 gold pieces.
Found 23 bolts.
You now have 23 gold pieces (gained 13).
A dart slug comes into view.
The dart slug launches a dart at you. The slug dart misses you.
You see here a cloak.
h - a cloak The dart slug launches a dart at you.
The slug dart hits you!
* * * LOW HITPOINT WARNING * * *
A hobgoblin comes into view. It is wielding a club.
The hobgoblin shouts!
You barely miss the hobgoblin. The hobgoblin hits you with a club.
Ouch! That really hurt!
You die...

#######...#.......#
#....#..#.#.# ##
#....#.##......#
.......##.##...##.#
.#...####......# ##
####.#####......>.#
#.(....##..%.......#
#......##..)...w...#
#....g@#...........
#..................
.........#..........
##.#########.......#
# ####... #.


You could see a hobgoblin.

Vanquished Creatures
  A goblin (D:1)
  A hobgoblin (D:1)
  A bat (D:1)
3 creatures vanquished.

Notes
Turn   | Place    | Note
-------+----------+-------------------------------------------
     0 | D:1      | tidbits the High Elf Wanderer began the quest for the Orb.
     0 | D:1      | tidbits set off with: a book of Minor Magic, the Almanac of Attacks, the Incunabulum of Changing, a +0 robe, a +0 club, a bread ration
     0 | D:1      | Reached XP level 1. HP: 11/11 MP: 3/3
     0 | D:1      | Identified the Almanac of Attacks
     0 | D:1      | Identified the Incunabulum of Changing
    75 | D:1      | Slain by a hobgoblin

Action                   || total
-------------------------++-------
Melee: Club              ||     5
Armor: Robe              ||     3
Dodge: Dodged            ||     2

Table legend:
 A = Turns spent in this place as a percentage of turns spent in the entire game.
 B = Non-inter-level travel turns spent in this place as a percentage of non-inter-level travel turns spent in the entire game.
 C = Inter-level travel turns spent in this place as a percentage of turns spent in this place.
 D = Turns resting spent in this place as a percentage of non-inter-level travel turns spent in this place.
 E = Turns spent auto-exploring this place as a percentage of non-inter-level travel turns spent in this place.
 F = Non-inter-level travel turns spent in this place divided by the number of levels of this place that you've seen.
                   A       B       C       D       E      F
               +-------+-------+-------+-------+-------+----------------------
         Total | 100.0 | 100.0 |   0.0 |   0.0 |   0.0 |  77.0
       Dungeon | 100.0 | 100.0 |   0.0 |   0.0 |   0.0 |  77.0
               +-------+-------+-------+-------+-------+----------------------

Table legend:
 A = Kills in this place as a percentage of kills in entire the game.
 B = Kills by you in this place as a percentage of kills by you in the entire game.
 C = Kills by friends in this place as a percentage of kills by friends in the entire game.
 D = Other kills in this place as a percentage of other kills in the entire game.
 E = Experience gained in this place as a percentage of experience gained in the entire game.
 F = Experience gained in this place divided by the number of levels of this place that you have seen.
                   A       B       C       D       E      F
               +-------+-------+-------+-------+-------+----------------------
         Total | 100.0 | 100.0 |  -nan |  -nan | 100.0 |   5.0
       Dungeon | 100.0 | 100.0 |  -nan |  -nan | 100.0 |   5.0
               +-------+-------+-------+-------+-------+----------------------

Vault maps used:
D:1:      minmay_arrival_doors, hangedman_glass_teeth, minmay_misc_feat_roman,
          minmay_box_of_dots
